 Dungeon Crawl Stone Soup version 0.30-a0-43-gbbf338a72c (webtiles) character file.

Game seed: 5437367737121148947

26565 LnG the Severer (level 13, 0/122 HPs)
             Began as a Hill Orc Fighter on Aug 31, 2022.
             Was the Champion of Okawaru.
             Slain by a 14-headed hydra (1 damage)
             ... on level 12 of the Dungeon.
             The game lasted 01:45:04 (16030 turns).

LnG the Severer (Hill Orc Fighter)                 Turns: 16030, Time: 01:45:06

Health: 0/122      AC: 25    Str: 24    XL:     13   Next: 26%
Magic:  13/13      EV:  7    Int:  8    God:    Okawaru [******]
Gold:   1450       SH:  7    Dex: 10    Spells: 12/12 levels left

rFire   . . .      SeeInvis .    H - +12 broad axe "Enanab" {venom, rCorr}
rCold   . . .      Faith    .    K - +2 buckler
rNeg    . . .      Spirit   .    s - +3 plate armour
rPois   +          Reflect  .    c - +2 helmet
rElec   .          Harm     .    (no cloak)
rCorr   +          Rampage  .    n - +0 pair of gloves
Will    +....                    d - +0 pair of boots "Kakyowni" {Stlth+}
Stlth   ..........               u - amulet of regeneration
HPRegen 1.10/turn                f - ring of willpower
MPRegen 0.13/turn                (no ring)

@: mighty, about to teleport
A: talons 1, poison resistance, wild magic 1
a: Renounce Religion, Heroism, Finesse, Duel


You were on level 12 of the Dungeon.
You worshipped Okawaru.
Okawaru was exalted by your worship.
You visited 2 branches of the dungeon, and saw 14 of its levels.
You also visited: Sewer.

You collected 1791 gold pieces.
You spent 341 gold pieces at shops.

Inventory:

Hand Weapons
 a - a +4 war axe of electrocution
 H - the +12 broad axe "Enanab" (weapon) {venom, rCorr}
   (Okawaru gifted it to you on level 10 of the Dungeon)

   It poisons the flesh of those it strikes.
   rCorr:     It protects you from acid and corrosion.
Missiles
 B - 4 throwing nets (quivered)
Armour
 b - a +0 scale mail
 c - a +2 helmet (worn)
 d - the +0 pair of boots "Kakyowni" (worn) {Stlth+}
   (You found it on level 4 of the Dungeon)

   Stlth:     It makes you more stealthy.
 n - a +0 pair of gloves (worn)
 s - a +3 plate armour (worn)
 K - a +2 buckler (worn)
Jewellery
 f - a ring of willpower (left hand)
 g - a ring of magical power
 j - a ring of protection from cold
 k - a ring of ice
 u - an amulet of regeneration (around neck)
 D - a ring of fire
Wands
 r - a wand of roots (19)
 y - a wand of flame (27)
Scrolls
 i - a scroll of amnesia
 l - a scroll of immolation
 o - 3 scrolls of fog
 q - a scroll of silence {unknown}
 t - a scroll of poison
 z - 2 scrolls of blinking
 C - 2 scrolls of brand weapon
 F - a scroll of fear {unknown}
 G - a scroll of vulnerability
Potions
 e - 3 potions of curing
 p - a potion of ambrosia {unknown}
 v - 2 potions of lignification
 w - a potion of flight {unknown}
 x - a potion of magic {unknown}
 A - a potion of resistance {unknown}
 E - a potion of haste {unknown}
 I - a potion of cancellation {unknown}
 J - a potion of mutation


   Skills:
 + Level 13.5 Fighting
 + Level 18.7 Axes
 + Level 11.9 Armour
 + Level 2.1 Dodging
 + Level 1.2 Stealth
 + Level 7.4 Shields
 + Level 0.7 Invocations
 + Level 1.0 Evocations


You had 12 spell levels left.
You didn't know any spells.
Your spell library contained the following spells:

 Spells                   Type           Power      Damage    Failure   Level
 Freeze                   Ice            0%         1d3       99%         1
 Shock                    Conj/Air       0%         1d3       99%         1
 Sublimation of Blood     Necr           0%         N/A       100%        2
 Frozen Ramparts          Ice            0%         1d1       100%        3
 Ozocubu's Armour         Ice            0%         N/A       100%        3
 Swiftness                Air            0%         N/A       100%        3
 Airstrike                Air            0%         2d(0-16)  100%        4
 Hailstorm                Conj/Ice       0%         3d3       100%        4
 Petrify                  Tmut/Erth      0%         N/A       100%        4
 Irradiate                Conj/Tmut      0%         3d11      100%        5
 Metabolic Englaciation   Hex/Ice        0%         N/A       100%        5
 Simulacrum               Ice/Necr       Unusable   N/A       N/A         6

Dungeon Overview and Level Annotations

Branches:
Dungeon (12/15)            Temple (0/1) D:5            Lair (0/5) D:8
    Orc (2/2) D:11          Sewer (visited)
    Elf: Orc:2

Altars:
Ashenzari
Cheibriados
Fedhas
Hepliaklqana
Kikubaaqudgha
Makhleb
Okawaru
Qazlal
Ru
Sif Muna
Trog
Uskayaw
Vehumet
Yredelemnul
Zin
The Shining One
Beogh

Shops:
D:4 :   D:10 [*=[   D:11 (

Annotations:
D:4 exclusion: statue
Orc:2 Snorg


Innate Abilities, Weirdness & Mutations

You have sharp toenails.
Your system is resistant to poisons. (rPois)
Your spells are a little harder to cast, but a little more powerful.


Message History

The 14-headed hydra bites you!
The 14-headed hydra bites you but does no damage.
You block the 14-headed hydra's attack.
The 14-headed hydra bites you but does no damage. x3
The 14-headed hydra closely misses you.
The 14-headed hydra bites you but does no damage. x2
The 14-headed hydra bites you. The 14-headed hydra bites you!
* * * LOW HITPOINT WARNING * * *
You barely miss the 14-headed hydra.
The 14-headed hydra is severely wounded.
The 14-headed hydra bites you but does no damage. x2
You block the 14-headed hydra's attack.
The 14-headed hydra bites you but does no damage.
The 14-headed hydra bites you!
* * * LOW HITPOINT WARNING * * *
The 14-headed hydra bites you but does no damage.
You block the 14-headed hydra's attack.
The 14-headed hydra bites you but does no damage.
The 14-headed hydra closely misses you.
The 14-headed hydra bites you but does no damage. x2
The 14-headed hydra bites you.
* * * LOW HITPOINT WARNING * * *
The 14-headed hydra bites you!
* * * LOW HITPOINT WARNING * * *
The 14-headed hydra bites you but does no damage.
Unknown command.
As you read the scroll of teleportation, it crumbles to dust.
You feel strangely unstable. You block the 14-headed hydra's attack.
The 14-headed hydra bites you but does no damage. x2
The 14-headed hydra bites you.
* * * LOW HITPOINT WARNING * * *
The 14-headed hydra bites you!
* * * LOW HITPOINT WARNING * * *
The 14-headed hydra bites you but does no damage. x2
You block the 14-headed hydra's attack.
The 14-headed hydra bites you but does no damage. x2
You block the 14-headed hydra's attack.
The 14-headed hydra bites you but does no damage.
You block the 14-headed hydra's attack. The 14-headed hydra bites you.
You die...

#.##.###.###.....#####..
#........# #........[.)#
####.##### #.......####
#.## #......## #..#
#####.## ##.# #.# #.#
#.# #.# ##'## #.# #.@.#
###.## #..D..# #....##
#.......#
###.#...####.........#
...........'.........+
###.#...####.........#
#.#..## ##.......##
#.#..# ##.....## #....#


You could see a 14-headed hydra (poisoned).

Vanquished Creatures
  2 orc warlords
  3 boulder beetles
  Harold (D:9)
  A two-headed ogre (D:10)
  2 orc high priests (Orc:1)
  Nergalle (Orc:1)
  Lodul (D:10)
  A cyclops (shapeshifter) (D:12)
  An orc sorcerer (Orc:1)
  An ugly thing (D:10)
  5 orc knights
  A cyclops (D:10)
  An efreet (D:10)
  A tengu conjurer (D:10)
  A freezing wraith (D:10)
  6 trolls
  A tarantella (shapeshifter) (D:10)
  2 hornets
  4 slime creatures
  2 shadows
  15 yaks
  4 wyverns
  2 vampires
  A wraith (D:11)
  Eustachio (D:6)
  A basilisk (D:10)
  3 vampire mosquitoes (D:12)
  Menkaure (D:7)
  2 wargs
  3 acid dragons
  2 water moccasins
  Pargi (Sewer)
  31 orc warriors
  A black bear (D:5)
  15 ogres
  A boggart (D:10)
  3 phantoms
  Blork the orc (D:4)
  2 kobold brigands (D:8)
  6 bullfrogs
  2 scorpions (D:4)
  A gnoll sergeant (D:7)
  5 wights (D:9)
  6 howler monkeys
  4 hounds
  20 orc priests
  An iguana (D:5)
  15 orc wizards
  12 gnolls
  6 adders
  2 shadow imps
  2 white imps
  A worm (D:5)
  3 dart slugs
  76 orcs
  9 ball pythons
  6 endoplasms
  8 giant cockroaches
  3 hobgoblins
  6 jackals
  13 kobolds
  3 quokkas
  4 bats
  2 frilled lizards
  6 goblins
  4 rats
354 creatures vanquished.

Vanquished Creatures (others)
  16 fungi
  11 plants
  7 withered plants (D:4)
34 creatures vanquished.

Grand Total: 388 creatures vanquished

Notes
Turn   | Place    | Note
-------+----------+-------------------------------------------
     0 | D:1      | LnG the Hill Orc Fighter began the quest for the Orb.
     0 | D:1      | Reached XP level 1. HP: 19/19 MP: 1/1
   261 | D:1      | Reached XP level 2. HP: 25/27 MP: 2/2
   435 | D:1      | Reached skill level 3 in Axes
   596 | D:1      | Reached XP level 3. HP: 33/33 MP: 3/3
  2355 | D:2      | Found a faded altar of an unknown god.
  2995 | D:3      | Found a glowing drain.
  3003 | D:3      | Found a hazy altar of Hepliaklqana.
  3078 | D:3      | Found an iron altar of Okawaru.
  3089 | D:3      | Became a worshipper of Warmaster Okawaru
  3132 | D:3      | Found a glowing silver altar of Zin.
  3182 | D:3      | Reached skill level 4 in Axes
  3182 | D:3      | Reached XP level 4. HP: 34/41 MP: 4/4
  3237 | Sewer    | Entered a sewer
  3273 | Sewer    | Noticed Pargi
  3282 | Sewer    | Killed Pargi
  3283 | Sewer    | Reached skill level 5 in Axes
  3283 | Sewer    | Reached XP level 5. HP: 35/47 MP: 5/5
  3681 | D:3      | Reached * piety under Okawaru
  4098 | D:4      | Noticed a water moccasin
  4107 | D:4      | Killed a water moccasin
  4108 | D:4      | Reached skill level 6 in Axes
  4108 | D:4      | Reached XP level 6. HP: 33/55 MP: 6/6
  4357 | D:4      | Noticed Blork the orc
  4369 | D:4      | Killed Blork the orc
  4544 | D:4      | Reached skill level 5 in Fighting
  4544 | D:4      | Reached skill level 7 in Axes
  4546 | D:4      | Reached XP level 7. HP: 40/61 MP: 7/7
  4742 | D:4      | Found an ancient bone altar of Kikubaaqudgha.
  5051 | D:4      | Found Uceir's Tremendous Tomes.
  5084 | D:4      | Reached skill level 8 in Axes
  5089 | D:4      | Reached skill level 1 in Dodging
  5147 | D:4      | Identified the +0 pair of boots "Kakyowni" {Stlth+}
  5217 | D:4      | Reached ** piety under Okawaru
  5331 | D:4      | Found a glowing golden altar of the Shining One.
  5390 | D:4      | Found a radiant altar of Vehumet.
  5653 | D:5      | Entered Level 5 of the Dungeon
  5658 | D:5      | Found a blossoming altar of Fedhas.
  5738 | D:5      | Reached skill level 5 in Armour
  5738 | D:5      | Reached XP level 8. HP: 69/69 MP: 8/8
  5886 | D:5      | Reached skill level 9 in Axes
  6038 | D:5      | Found a staircase to the Ecumenical Temple.
  6786 | D:6      | Noticed Eustachio
  6812 | D:6      | Killed Eustachio
  6901 | D:6      | Reached skill level 10 in Axes
  6932 | D:6      | Identified the +1 leather armour of the Pure Artisans
                  | {Dex+2}
  6951 | D:6      | Found a basalt altar of Yredelemnul.
  7090 | D:6      | Found a snail-covered altar of Cheibriados.
  7093 | D:6      | Found a sacrificial altar of Ru.
  7098 | D:6      | Found a stormy altar of Qazlal.
  7279 | D:7      | Found a hide-covered altar of Uskayaw.
  7291 | D:7      | Noticed Menkaure
  7296 | D:7      | Killed Menkaure
  7544 | D:7      | Reached *** piety under Okawaru
  7728 | D:7      | Found a bloodstained altar of Trog.
  7832 | D:7      | Noticed a wyvern
  7839 | D:7      | Killed a wyvern
  7840 | D:7      | Reached skill level 11 in Axes
  7840 | D:7      | Reached XP level 9. HP: 68/78 MP: 9/9
  8175 | D:8      | Received a gift from Okawaru
  8260 | D:8      | Found a burning altar of Makhleb.
  8311 | D:8      | Reached **** piety under Okawaru
  8312 | D:8      | Reached skill level 5 in Shields
  8395 | D:8      | Reached skill level 12 in Axes
  8423 | D:8      | Found a staircase to the Lair.
  8574 | D:8      | Found a shimmering blue altar of Sif Muna.
  8953 | D:9      | Found a broken altar of Ashenzari.
  9198 | D:9      | Reached skill level 13 in Axes
  9198 | D:9      | Reached XP level 10. HP: 79/88 MP: 10/10
  9317 | D:9      | Noticed Harold
  9332 | D:9      | Killed Harold
  9364 | D:9      | Paralysed by a hornet for 3 turns
  9369 | D:9      | Paralysed by a hornet for 3 turns
  9374 | D:9      | Reached ***** piety under Okawaru
  9511 | D:9      | Reached skill level 14 in Axes
 10008 | D:10     | Entered Level 10 of the Dungeon
 10097 | D:9      | Reached skill level 10 in Fighting
 10135 | D:9      | Reached skill level 15 in Axes
 10135 | D:9      | Reached XP level 11. HP: 93/99 MP: 11/11
 10171 | D:10     | Found Emueje's General Store.
 10181 | D:10     | Noticed a cyan ugly thing
 10202 | D:10     | Killed a cyan ugly thing
 10203 | D:10     | Noticed a boulder beetle
 10216 | D:10     | Killed a boulder beetle
 10278 | D:10     | Bought a scroll of magic mapping for 127 gold pieces
 10282 | D:10     | Found Hemeps's Jewellery Shop.
 10282 | D:10     | Noticed Lodul
 10304 | D:10     | Reached ****** piety under Okawaru
 10503 | D:9      | Identified the +1 battleaxe "Bofyolo" {flame, *Slow rPois
                  | Str+2 Dex+4} (Okawaru gifted it to you on level 9 of the
                  | Dungeon)
 10503 | D:9      | Received a gift from Okawaru
 10785 | D:10     | Identified the +4 ring mail "Wongy" {Dex+4}
 10813 | D:10     | Killed Lodul
 10969 | D:10     | Noticed an orc knight
 10985 | D:10     | Noticed a two-headed ogre
 10986 | D:10     | Killed an orc knight
 10987 | D:10     | Reached skill level 1 in Stealth
 10993 | D:10     | Reached skill level 16 in Axes
 10996 | D:10     | Killed a two-headed ogre
 11067 | D:10     | Identified the +12 broad axe "Enanab" {venom, rCorr}
                  | (Okawaru gifted it to you on level 10 of the Dungeon)
 11067 | D:10     | Received a gift from Okawaru
 11068 | D:10     | Reached skill level 10 in Armour
 11295 | D:10     | Found Kadohets's Antique Armour Shop.
 11413 | D:10     | Noticed a cyclops
 11418 | D:10     | Killed a cyclops
 11451 | D:10     | Found Vogetz's Armour Shoppe.
 11485 | D:10     | Bought a +2 helmet for 214 gold pieces
 12178 | D:11     | Found Udewn's Weapon Shop.
 12202 | D:11     | Noticed a boulder beetle
 12206 | D:11     | Killed a boulder beetle
 12207 | D:11     | Reached XP level 12. HP: 110/110 MP: 12/12
 12325 | D:11     | Found a staircase to the Orcish Mines.
 12370 | Orc:1    | Entered Level 1 of the Orcish Mines
 12786 | Orc:1    | Noticed an orc high priest
 12788 | Orc:1    | Noticed a soul eater
 12791 | Orc:1    | Killed an orc high priest
 12796 | Orc:1    | Noticed Nergalle
 12835 | Orc:1    | Killed Nergalle
 12835 | Orc:1    | Identified the +0 pair of gloves of the Comet {rC++ Str-4}
                  | (Okawaru gifted it to you on level 1 of the Orcish Mines)
 12835 | Orc:1    | Received a gift from Okawaru
 12836 | Orc:1    | Reached skill level 17 in Axes
 12978 | Orc:1    | Found a roughly hewn altar of Beogh.
 13226 | Orc:2    | Entered Level 2 of the Orcish Mines
 13227 | Orc:2    | Noticed Snorg
 13228 | Orc:2    | Noticed an orc warlord
 13782 | Orc:1    | Killed an orc warlord
 13849 | Orc:2    | Noticed a sun demon
 13930 | Orc:2    | Noticed an orc high priest
 13968 | Orc:1    | Killed an orc high priest
 13987 | Orc:1    | Reached skill level 18 in Axes
 14132 | Orc:2    | Noticed an orc warlord
 14506 | Orc:2    | Killed an orc warlord
 14506 | Orc:2    | Identified the +3 quick blade "Quyxil" {protect, rN+ SInv}
                  | (Okawaru gifted it to you on level 2 of the Orcish Mines)
 14506 | Orc:2    | Received a gift from Okawaru
 14507 | Orc:2    | Reached XP level 13. HP: 85/119 MP: 13/13
 15238 | D:11     | Gained mutation: Your system is resistant to poisons.
                  | (rPois) [potion of mutation]
 15238 | D:11     | Gained mutation: You have sharp toenails. [potion of
                  | mutation]
 15238 | D:11     | Gained mutation: Your spells are a little harder to cast,
                  | but a little more powerful. [potion of mutation]
 15865 | D:12     | Reached skill level 1 in Evocations
 16030 | D:12     | HP: 1/122 [14-headed hydra (9)]
 16030 | D:12     | Slain by a 14-headed hydra

Illustrated notes

Levels and vault maps discovered:
D:1:      dpeg_arrival_arbitrary_b, layout_basic
D:2:      cheibrodos_old_hovel, layout_loops_corners,
          dreamdust_ecumenical_altar_angels_and_demons
D:3:      cheibrodos_helix_gallery, layout_loops_cross,
          nicolae_hepliaklqana_hazy_memory, okawaru_metal_pillars_1_2,
          mainiacjoe_overflow_cross_hatched, gup_sewer_entry_glass,
          minmay_misc_feat_roman, grunt_decor_one_mirror,
          roderic_serpentine_path
D:4:      layout_basic, vehumet_statue, amcnicky_altar_gilded,
          kiku_gazebo_garden_becter, nicolae_shop_i_like_big_books,
          hangedman_decor_peaks_small, st_stairs_11, uniq_blork_the_orc
D:5:      layout_basic, fedhas_altar_2, minmay_temple_entry_glass,
          supply_closet_lemuel
D:6:      layout_basic, grunt_temple_overflow_diamond,
          mainiacjoe_overflow_paths, uniq_eustachio
D:7:      layout_basic, lemuel_tele_altar, kennysheep_mini, uniq_menkaure
D:8:      layout_loops_ring, mainiacjoe_overflow_tiny_flanked,
          mainiacjoe_overflow_catwalk, dpeg_oklobed_lair
D:9:      layout_roguey, ashenzari_conservatory_becter,
          chequers_serial_rivers_micro_e, uniq_harold
D:10:     minmay_diamond_stairs, layout_rooms, serial_shops,
          nicolae_diamond_shop, nicolae_shop_hallway_stairs,
          nicolae_shop_temple_entry_statues_fountains, nicolae_shop_statue_plus,
          minmay_fractal_squares_diagonal_5, uniq_lodul
D:11:     layout_basic, david_orc_3, serial_shops, kennysheep_mini_moat
D:12:     layout_loops_corners
Orc:1:    layout_caves, bh_open_orc_temple, uniq_nergalle
Orc:2:    grunt_orc_gardens, layout_caves, grunt_orc_garden, grunt_orc_garden,
          grunt_orc_garden, grunt_orc_garden, serial_shops,
          nicolae_shop_hallway_plus, uniq_snorg

Skill      XL: |  1  2  3  4  5  6  7  8  9 10 11 12 13 |
---------------+----------------------------------------+-----
Axes           | 3 4 5 6 7 8 11 13 15 16 18 | 18.7
Fighting       | 4 5 6 7 10 11 12 13 | 13.5
Armour         | 4 5 6 7 8 10 11 | 11.9
Dodging        | 1 2 |  2.1
Shields        | 4 5 7 |  7.4
Stealth        | 1 |  1.2
Evocations     | 1 |  1.0
Invocations    | |  0.7

Action                   |  1- 3 |  4- 6 |  7- 9 | 10-12 | 13-15 || total
-------------------------+-------+-------+-------+-------+-------++-------
Melee: War axe           |    54 |    70 |   299 |   180 |       ||   603
       Broad axe         |       |       |       |   228 |   110 ||   338
Invok: Heroism           |       |       |     2 |       |       ||     2
Evoke: Wand              |       |       |     2 |     1 |     4 ||     7
  Use: Scroll            |     6 |     3 |     7 |     6 |     6 ||    28
       Potion            |     2 |       |     2 |    10 |     4 ||    18
Armor: Scale mail        |    29 |    27 |       |       |       ||    56
       Plate armour      |       |    18 |   187 |   266 |    85 ||   556
Dodge: Dodged            |    20 |    24 |    92 |   123 |    33 ||   292
Block: Buckler           |    12 |    15 |    54 |   132 |    42 ||   255

Table legend: (Time is in decaauts)
 A = Elapsed time spent in this place.
 B = Non-inter-level travel time spent in this place.
 C = Inter-level travel time spent in this place.
 D = Time resting spent in this place.
 E = Time spent auto-exploring this place.
 F = Levels seen in this place.
 G = Mean time per level.
                   A        B        C        D        E       F      G
               +--------+--------+--------+--------+--------+-----+--------+
         Total |  16014 |  15985 |     29 |   3399 |   2805 |  15 | 1067.6 |
       Dungeon |  13301 |  13272 |     29 |   2634 |   2756 |  12 | 1108.4 |
  Orcish Mines |   2444 |   2444 |      0 |    686 |     49 |   2 | 1222.0 |
         Sewer |    268 |    268 |      0 |     79 |      0 |   1 |  268.0 |
               +--------+--------+--------+--------+--------+-----+--------+

Top non-repeatable levels by time:
   Orc:1: 2014 daAuts
     D:1: 1736 daAuts
     D:9: 1690 daAuts
     D:4: 1583 daAuts
    D:10: 1469 daAuts
     D:2: 1097 daAuts
     D:3: 1023 daAuts
     D:5: 994 daAuts
    D:11: 917 daAuts
     D:7: 892 daAuts
     D:8: 802 daAuts
     D:6: 609 daAuts
    D:12: 484 daAuts
   Orc:2: 429 daAuts
   Sewer: 268 daAuts
